 Dungeon Crawl Stone Soup version 0.19-a0-1922-g1e9a4c1 (webtiles) character file.

621938 Dipster the Executioner (level 27, -28/198 HPs)
             Began as a Gargoyle Monk on Oct 23, 2016.
             Was the Champion of Okawaru.
             Killed by the air
             ... invoked by a titan
              (44 damage)
             ... on level 1 of the Realm of Zot on Oct 24, 2016.
             The game lasted 03:16:16 (61259 turns).

Dipster the Executioner (Gargoyle Monk)            Turns: 61259, Time: 03:16:17

Health: -28/198    AC: 63    Str: 43    XL:     27
Magic:  0/46       EV: 14    Int: 17    God:    Okawaru [******]
Gold:   5237       SH:  0    Dex: 16    Spells: 4 memorised, 34 levels left

rFire  + + .     SeeInvis .     x - +3 battleaxe "Cuzoeb" {protect, *Slow Str+9}
rCold  + + +     Gourm    .     m - +9 plate armour "Nuennol" {*Slow rElec Str+7 Stlth+}
rNeg   + + .     Faith    .     (shield currently unavailable)
rPois  ∞         Spirit   +     q - +2 helmet "Bolyug" {rElec rF++ rC+ Slay+2}
rElec  +         Reflect  .     G - +0 cloak of Disappointment {rPois rC+ rN+}
rCorr  .         Harm     .     (no gloves)
MR     +++..                    J - +2 pair of boots {run}
Stlth  ..........               t - amulet of guardian spirit
                                a - ring of magical power
                                s - ring of Baru {Int+5 Dex+4 Stlth+}

@: flying, very slightly contaminated, hasted, very quick
A: big wings, iridescent scales 1, molten scales 1, cold resistance 1, magic
resistance 1, negative energy resistance 1, robust 1, electricity resistance,
unbreathing, petrification resistance, rot immunity, AC +20
a: Stop Flying, Heroism, Finesse, Renounce Religion
}: 4/15 runes: decaying, serpentine, silver, abyssal


You were on level 1 of the Realm of Zot.
You worshipped Okawaru.
Okawaru was exalted by your worship.
You were very full.

You visited 11 branches of the dungeon, and saw 47 of its levels.
You visited the Abyss 1 time.
You also visited: Sewer, Bailey and Ice Cave.

You collected 6680 gold pieces.
You spent 1443 gold pieces at shops.

Inventory:

Hand Weapons
 c - the +8 frozen axe "Frostbite" {freezing cloud, *Noise +Fly rC+}
   (Okawaru gifted it to you on level 2 of the Lair of Beasts)

   It has been specially enchanted to freeze those struck by it, causing extra
   injury to most foes and up to half again as much damage against particularly
   susceptible opponents.
   It can also slow down cold-blooded creatures.
   It protects you from cold.
   It lets you fly.
   It may make noises in combat.
 x - the +3 battleaxe "Cuzoeb" (weapon) {protect, *Slow Str+9}
   (Okawaru gifted it to you on level 5 of the Depths)

   It protects the one who uses it against injury (+AC on strike).
   It affects your strength (+9).
   It may slow you when you take damage.
 L - a +7 eveningstar of draining
 O - the +8 mithril axe "Arga" {speed, MR+}
   (Okawaru gifted it to you on level 1 of the Depths)

   Attacks with this weapon are significantly faster.
   It affects your resistance to hostile enchantments.
Missiles
 I - 3 silver tomahawks (quivered)
Armour
 m - the +9 plate armour "Nuennol" (worn) {*Slow rElec Str+7 Stlth+}
   (Okawaru gifted it to you on level 6 of the Lair of Beasts)

   It affects your strength (+7).
   It insulates you from electricity.
   It may slow you when you take damage.
   It makes you more stealthy.
 n - a +2 pair of gloves of strength
 q - the +2 helmet "Bolyug" (worn) {rElec rF++ rC+ Slay+2}
   (You took it off Robin on level 3 of the Dungeon)

   It affects your accuracy and damage with ranged weapons and melee attacks
   (+2).
   It greatly protects you from fire.
   It protects you from cold.
   It insulates you from electricity.
 r - a +0 cloak of invisibility
 E - a +2 cloak of magic resistance
 G - the +0 cloak of Disappointment (worn) {rPois rC+ rN+}
   (Okawaru gifted it to you on level 4 of the Depths)

   It protects you from cold.
   It protects you from poison.
   It protects you from negative energy.
 J - a +2 pair of boots of running (worn)
Jewellery
 a - a ring of magical power (right hand)
 s - the ring of Baru (left hand) {Int+5 Dex+4 Stlth+}
   (You found it on level 2 of the Depths)

   [ring of stealth]

   It affects your intelligence (+5).
   It affects your dexterity (+4).
   It makes you more stealthy.
 t - an amulet of guardian spirit (around neck)
 B - an uncursed ring of resist corrosion
 M - a +4 ring of evasion
Wands
 j - a wand of teleportation (1/9)
 l - a wand of hasting (3/9)
 v - a wand of disintegration (18/24)
 z - a wand of lightning (12/15)
 A - a wand of heal wounds (0/9)
 N - a wand of digging (11/24)
 P - a wand of acid (8/15)
Scrolls
 f - 18 scrolls of teleportation
 o - 7 scrolls of magic mapping
 U - 12 scrolls of fear
 V - 7 scrolls of fog
 X - 2 scrolls of holy word
 Y - 4 scrolls of blinking
Potions
 e - 2 potions of haste
 k - 6 potions of agility
 p - a potion of might
 u - 2 potions of cancellation
 w - 3 potions of resistance
 C - 12 potions of lignification
 D - 3 potions of invisibility
 K - 19 potions of curing
 Q - 17 potions of brilliance
 S - 3 potions of magic
 Z - a potion of berserk rage
Books
 d - a Necronomicon

   Spells                             Type                      Level
   a - Haunt                          Necromancy/Summoning         7
   b - Borgnjor's Revivification      Necromancy                   8
   c - Death's Door                   Charms/Necromancy            8
   d - Infestation                    Necromancy                   8
   e - Necromutation                  Transmutation/Necromancy     8
 y - the Papyrus of Enhancements
   (You found it on level 2 of the Depths)

   Spells                             Type                      Level
   a - Swiftness                      Charms/Air                   2
   b - Regeneration                   Charms/Necromancy            3
   c - Spectral Weapon                Hexes/Charms                 3
   d - Excruciating Wounds            Charms/Necromancy            5
   e - Ring of Flames                 Charms/Fire                  7
Miscellaneous
 b - 2 phantom mirrors
 h - a lamp of fire
 i - the horn of Geryon
 F - 2 boxes of beasts
 H - 3 sacks of spiders
 R - a crystal ball of energy
 T - a disc of storms
Comestibles
 g - 10 meat rations
 W - 41 fruits


   Skills:
 + Level 20.6 Fighting
 * Level 23.2 Axes
 + Level 22.1 Armour
 - Level 7.2 Dodging
 - Level 2.1 Stealth
   Level 9.0 Shields
 + Level 10.8 Spellcasting
 + Level 20.2 Invocations
 - Level 14.4 Evocations


You had 34 spell levels left.
You knew the following spells:

 Your Spells              Type           Power        Failure   Level  Hunger
a - Mephitic Cloud        Conj/Pois/Air  #.......     67%         3    None
b - Regeneration          Chrm/Necr      #.........   67%         3    None
c - Repel Missiles        Chrm/Air       #.....       34%         2    None
d - Iskenderun's Battles  Conj/Chrm      #.......     100%        5    #####..


Dungeon Overview and Level Annotations

Branches:
Dungeon (15/15)            Temple (1/1) D:6            Lair (6/6) D:9
  Swamp (4/4) Lair:4        Snake (4/4) Lair:3        Slime (0/5) Lair:6
    Orc (2/2) D:12            Elf (3/3) Orc:2        Vaults (5/5) D:13
  Crypt (0/3) Vaults:2     Depths (5/5) D:15           Hell (1/1)
    Dis (0/7) Hell            Geh (0/7) Hell            Coc (0/7) Hell
    Tar (0/7) Hell            Zot (1/5) Depths:5

Altars:
Ashenzari
Cheibriados
Dithmenos
Elyvilon
Fedhas
Gozag
Hepliaklqana
Kikubaaqudgha
Makhleb
Nemelex Xobeh
Okawaru
Qazlal
Ru
Sif Muna
Trog
Uskayaw
Vehumet
Xom
Yredelemnul
Zin
The Shining One
Beogh
Jiyva

Shops:
D:12 %   D:15 [   Orc:1 [%}[   Orc:2 :?:[   Elf:1 (   Elf:3 *   Vaults:1 !
Vaults:5 %

Portals:
Hell: Depths:1 Depths:2 Depths:3* Depths:4 Depths:5
Abyss: Depths:1 Depths:4
Pandemonium: Depths:3 Depths:5
Ziggurat: Depths:3
Trove: Vaults:3 (give 2 scrolls of acquirement)


Innate Abilities, Weirdness & Mutations

You are resistant to torment.
Your stone body is resilient. (AC +20)
You are immune to poison.
Your large and strong wings let you fly indefinitely.
You resist negative energy. (rN+)
You are resistant to electric shocks. (rElec)
You can survive without breathing.
You are immune to petrification.
You are immune to rotting.
You are partially covered in iridescent scales. (AC +2)
You are partially covered in molten scales. (AC +2)
Your flesh is cold resistant. (rC+)
You are resistant to hostile enchantments. (MR+)
You are robust. (+10% HP)


Message History

The iron troll bites you but does no damage.
The iron troll claws you but does no damage.
The iron troll claws you.
* * * LOW HITPOINT WARNING * * *
The titan hits you but does no damage. The iron troll closely misses you.
The iron troll claws you but does no damage. x2
You are very lightly contaminated with residual magic.
The efreet completely misses you. The iron troll closely misses you. x2
The iron troll claws you but does no damage.
The moth of wrath goads the iron troll on!
The iron troll goes berserk!
You hear a shout!
The iron troll rages.
The titan waves its arms in wide circles.
The air twists around and violently strikes you in flight!
* * * LOW HITPOINT WARNING * * *
You feel yourself speed up.
The titan waves its arms in wide circles.
The air twists around and violently strikes you in flight!
You die...

.## #..# #8...8#
..## #...#
#.))).#
...###...#
#.)y).#
#...#...#
#.CC§.# ##.....#
#..R§.# ##...##
#8$TT8# ##...##
#.TT..# ##.....#
#.....#
##...#...##C
#..@..#
#...###...#.
#..$..# O# ...##
#..#TT#8...8#.[#
..##
#.#.C#.....#O.#
.##
#.#OC#.....#T.#
^.##
#.#.O#.?...#..#
...#
#.#..#.....#..#
#..#
#.#####'''#####
#..######..#
#....#


You could see a titan, a fire giant, 4 iron trolls, a moth of wrath, an efreet
and a two-headed ogre.

Vanquished Creatures
  Mara (Depths:3)
  Mennas (Depths:3)
  2 juggernauts
  Sojobo (Vaults:4)
  Boris (twice) (Depths:3 Depths:5)
  Bai Suzhen (Vaults:3)
  Saint Roka (Snake:2)
  Vashnia (Snake:3)
  the Lernaean hydra (Swamp:4)
  6 golden dragons
  Margery (Vaults:5)
  Frederick (Vaults:4)
  Geryon (Hell)
  Nikola (Vaults:3)
  A golden dragon (shapeshifter) (Depths:2)
  A profane servitor (Abyss:3)
  3 liches
  Jorgrun (Swamp:3)
  4 tentacled monstrosities
  4 deep elf blademasters
  2 deep elf master archers (Elf:3)
  5 titans
  2 quicksilver dragons
  6 tentacled starspawn
  Murray (Depths:1)
  An ancient champion (Vaults:2)
  The ghost of tijit the Severer, an adept CeHu of Makhleb (Snake:1)
  Agnes (Elf:2)
  4 sphinxes
  Gastronok (Lair:1)
  10 storm dragons
  4 thorn hunters
  2 shadow dragons
  Kirke (Elf:1)
  7 tengu reavers
  Donald (Swamp:4)
  Roxanne (Elf:3)
  6 fire giants
  9 frost giants
  The ghost of TheGoonsmith the Bludgeoner, an adept GrCK of Xom (Snake:3)
  The ghost of JamPaladin the Severer, a journeyman DDFi of Elyvilon (Swamp:1)
  8 nagarajas
  3 iron dragons
  6 deep elf sorcerers
  A draconian zealot (Zot:1)
  Aizul (Vaults:1)
  2 cacodemons
  Louise (Swamp:2)
  2 draconian scorchers
  An orc warlord (Bailey)
  A curse skull (Depths:1)
  17 vault wardens
  A draconian caller (Depths:5)
  4 ghouls
  17 ironheart preservers
  23 stone giants
  29 very ugly things
  6 deep elf elementalists
  2 entropy weavers
  14 war gargoyles
  3 spriggan defenders
  6 deep elf demonologists
  A lorocyproca (Hell)
  A vampire knight (Depths:5)
  13 large abominations
  2 yellow draconians
  8 deep elf annihilators
  A green draconian (Zot:1)
  3 purple draconians
  2 mottled draconians (Zot:1)
  A red draconian (Depths:5)
  A dire elephant (shapeshifter) (Depths:2)
  A white draconian (Depths:5)
  3 spark wasps
  2 black draconians (Depths:5)
  10 crystal guardians (Depths:2)
  11 deep elf death magi
  3 blizzard demons
  17 ettins
  8 fire dragons
  A merfolk javelineer (Depths:3)
  4 deep elf high priests
  2 green deaths (Swamp:4)
  Josephine (D:15)
  16 yaktaur captains
  10 great orbs of eyes
  Erolcha (D:10)
  12 ice dragons
  3 rakshasas
  35 vault guards
  13 naga warriors
  Harold (Orc:1)
  11 centaur warriors
  5 spriggan air magi
  20 hydras
  6 death knights
  2 satyrs (Abyss:3)
  39 dancing weapons
  5 anacondas
  14 ogre magi
  6 alligators
  14 deep troll shamans
  4 spriggan berserkers
  7 tengu warriors
  3 thrashing horrors
  8 deep troll earth magi
  A hell hog (shapeshifter) (Depths:3)
  10 shock serpents
  3 titan zombies
  13 naga sharpshooters
  3 death yaks (Lair:5)
  3 orc high priests (Orc:2)
  31 deep elf knights
  9 small abominations
  8 wretched stars
  5 sun demons
  Nergalle (Orc:1)
  11 iron trolls
  5 fire crabs (shapeshifter)
  4 soul eaters (Depths:1)
  4 shadow wraiths
  25 hell knights
  A skeletal warrior (Vaults:3)
  3 salamander mystics
  A sixfirhy (Hell)
  9 swamp dragons
  A deep troll (shapeshifter) (Depths:2)
  2 spatial maelstroms (Abyss:3)
  11 glowing orange brains
  2 unseen horrors (Vaults:1)
  41 deep trolls
  A sea snake (shapeshifter) (Depths:2)
  5 wizards
  3 flayed ghosts
  An anaconda skeleton (Hell)
  4 spriggan druids
  Pikel (D:5)
  A harpy (shapeshifter) (Depths:5)
  22 ironbrand convokers
  20 orc knights
  A wolf spider zombie (D:15)
  4 shambling mangroves
  7 naga ritualists
  5 obsidian statues
  5 phantasmal warriors
  16 deep elf archers
  2 tengu zombies
  70 deep elf magi
  16 hill giants
  5 orc sorcerers
  13 necromancers
  63 ugly things
  A frost giant zombie (Vaults:2)
  9 mana vipers
  An iron dragon zombie (Hell)
  A fire giant zombie (Vaults:4)
  5 moths of wrath (Zot:1)
  2 wolf spiders
  A manticore (D:12)
  A stone giant zombie (Hell)
  6 cyclopes
  7 salamanders
  A moth of wrath (shapeshifter) (Depths:2)
  11 elephants
  6 worldbinders
  An iron dragon skeleton (Vaults:5)
  2 water nymphs (Abyss:3)
  Joseph (D:7)
  2 rust devils
  22 naga magi
  12 guardian serpents
  An eye of devastation (shapeshifter) (Elf:2)
  5 ice statues
  5 smoke demons
  5 molten gargoyles (Depths:2)
  35 black mambas
  8 orange demons
  A water nymph (shapeshifter) (Depths:2)
  17 vault sentinels
  A gargoyle (Depths:2)
  18 spiny frogs
  An efreet (D:14)
  4 rime drakes
  An anaconda simulacrum (Hell)
  2 yaktaur zombies (Hell)
  A hellion (Hell)
  16 komodo dragons
  An ice devil (Hell)
  12 freezing wraiths
  A redback zombie (D:13)
  46 yaktaurs
  A yaktaur (shapeshifter) (Vaults:5)
  A tengu conjurer (Depths:3)
  A jumping spider (Vaults:4)
  2 ancient zymes (Abyss:3)
  A wind drake (Depths:2)
  A hydra zombie (Hell)
  2 jumping spiders (shapeshifter)
  7 trolls
  24 two-headed ogres
  2 red devils (Depths:1)
  A hydra skeleton (Hell)
  3 tyrant leeches
  8 raiju
  2 merfolk (shapeshifter) (Depths:2)
  Grinder (D:3)
  20 hornets
  A troll (shapeshifter) (Depths:2)
  A meliai zombie (D:14)
  2 spriggan zombies (Hell)
  An alligator zombie (Hell)
  11 bog bodies
  A hippogriff (shapeshifter) (Vaults:5)
  18 blink frogs
  7 hippogriffs
  A dream sheep (shapeshifter) (Vaults:3)
  A fire dragon zombie (Hell)
  A flying skull (Vaults:2)
  36 slime creatures
  2 ettin zombies (Hell)
  A fire dragon skeleton (Abyss:2)
  20 starcursed masses
  5 redbacks
  A redback (shapeshifter) (Vaults:5)
  2 ettin skeletons
  15 air elementals
  9 shadows
  An alligator skeleton (Hell)
  12 wraiths
  11 spriggans
  8 wyverns
  A spriggan (shapeshifter) (Vaults:1)
  A tarantella (Vaults:4)
  14 fire elementals
  33 yaks
  7 hogs (Elf:1)
  4 ynoxinuls (Abyss:3)
  2 fire bats (Abyss:3)
  19 water elementals
  3 basilisks (Lair:2)
  2 neqoxecs (Abyss:3)
  A spriggan simulacrum (Depths:1)
  8 vampire mosquitoes
  Grum (D:8)
  3 steam dragons (Lair:6)
  A chaos spawn (Abyss:3)
  3 mottled dragons (Lair:6)
  5 spatial vortices (Abyss:3)
  4 wargs
  A yaktaur simulacrum (Vaults:5)
  3 hungry ghosts
  A mottled dragon (shapeshifter) (Depths:3)
  4 human simulacra
  19 swamp worms
  15 insubstantial wisps
  66 nagas
  A deep troll zombie (Vaults:5)
  Duvessa (D:7)
  18 water moccasins
  A hell hound (Depths:1)
  A floating eye (Depths:4)
  8 porcupines
  6 swamp drakes
  3 slaves
  A black bear (shapeshifter) (Vaults:2)
  38 orc warriors
  An eye of draining (Abyss:3)
  An ice dragon simulacrum (Depths:1)
  3 phantoms
  4 sky beasts
  A black mamba simulacrum (Abyss:3)
  7 ice beasts
  6 necrophages
  10 wolves
  64 ogres
  18 boggarts
  3 human skeletons
  30 centaurs
  10 crocodiles
  5 human zombies
  15 earth elementals
  14 bullfrogs
  A wyvern zombie (D:8)
  A gnoll sergeant (D:8)
  2 spiny frog simulacra (Hell)
  Dowan (D:7)
  5 scorpions
  9 killer bees
  6 wights
  A howler monkey (D:4)
  3 electric eels (Lair:4)
  3 crimson imps
  4 centaur zombies
  3 quasits
  3 bullfrog zombies
  5 hounds
  25 orc priests
  15 orc wizards
  A gnoll shaman (Orc:1)
  5 jellies
  5 centaur skeletons
  3 iguanas
  5 iron imps
  6 worker ants
  Ijyb (D:2)
  Natasha (thrice) (D:3)
  A worker ant zombie (D:7)
  Robin (D:3)
  22 gnolls
  A gnoll (shapeshifter) (Depths:3)
  26 adders
  6 river rats
  2 shadow imps
  A white imp (Depths:5)
  An ooze (D:7)
  2 adder skeletons
  2 worms
  2 dart slugs (D:1)
  6 leopard geckos
  99 orcs
  7 ball pythons
  4 giant cockroaches
  31 goblins
  25 hobgoblins
  10 jackals
  A quokka (shapeshifter) (Vaults:5)
  2 quokkas
  8 bats
  9 frilled lizards
  7 kobolds
  5 rats
  10 crawling corpses
  A fungus (Lair:5)
  A lurking horror (Abyss:3)
  9 plants (Lair:6)
2480 creatures vanquished.

Vanquished Creatures (others)
  A tentacled monstrosity (Vaults:5)
  A very ugly thing (Depths:2)
  A stone giant (Vaults:5)
  A deep elf demonologist (Elf:1)
  A fire dragon (Depths:4)
  A vault guard (Vaults:3)
  A vampire mage (Vaults:2)
  2 ugly things
  2 deep elf magi
  A freezing wraith (Vaults:3)
  A blink frog (shapeshifter) (Vaults:5)
  An air elemental (Depths:5)
  3 water elementals (Depths:1)
  A chaos spawn (Abyss:3)
  A basilisk (shapeshifter) (Depths:3)
  A basilisk (Lair:6)
  A mottled dragon (Lair:6)
  A gnoll (Orc:1)
  10 ball lightnings (Depths:2)
  3 briar patches (Abyss:3)
  7 fungi
  13 plants
  16 starspawn tentacles
71 creatures vanquished.

Grand Total: 2551 creatures vanquished

Notes
Turn   | Place    | Note
-------+----------+-------------------------------------------
     0 | D:1      | Dipster the Gargoyle Monk began the quest for the Orb.
     0 | D:1      | Reached XP level 1. HP: 14/14 MP: 1/1
   162 | D:1      | Reached skill level 3 in Axes
   179 | D:1      | Reached XP level 2. HP: 13/19 MP: 2/2
   606 | D:2      | Reached XP level 3. HP: 23/23 MP: 3/3
   650 | D:2      | Noticed Ijyb
   674 | D:2      | Killed Ijyb
   674 | D:2      | Reached skill level 4 in Axes
   861 | D:2      | Reached XP level 4. HP: 27/28 MP: 4/4
  1296 | D:2      | Reached skill level 1 in Armour
  1718 | D:3      | Noticed Robin
  1736 | D:3      | Reached XP level 5. HP: 31/32 MP: 5/5
  1772 | D:3      | Killed Robin
  1774 | D:3      | Got a heavily runed helmet
  1780 | D:3      | Identified the +2 helmet "Bolyug" {rElec rF++ rC+ Slay+2} (You took it off Robin on level 3 of the Dungeon)
  1781 | D:3      | Found a faded altar of an unknown god.
  1852 | D:3      | Noticed Grinder
  1856 | D:3      | Gained mutation: Your large and strong wings let you fly indefinitely. [potion of mutation]
  1856 | D:3      | Gained mutation: You are frail. (-10% HP) [potion of mutation]
  1856 | D:3      | Gained mutation: Your natural rate of healing is unusually fast. [potion of mutation]
  1860 | D:3      | Paralysed by Grinder for 3 turns
  1872 | D:3      | Paralysed by Grinder for 6 turns
  1882 | D:3      | Killed Grinder
  1882 | D:3      | Reached skill level 5 in Axes
  1882 | D:3      | Reached XP level 6. HP: 26/33 MP: 3/6
  2011 | D:3      | Noticed Natasha
  2019 | D:3      | Killed Natasha
  2024 | D:3      | Found a white marble altar of Elyvilon.
  2037 | D:3      | Noticed Natasha
  2052 | D:3      | Killed Natasha
  2102 | D:3      | Noticed Natasha
  2114 | D:3      | Killed Natasha
  2386 | D:3      | Found a basalt altar of Yredelemnul.
  2532 | D:4      | Reached skill level 5 in Armour
  2532 | D:4      | Reached XP level 7. HP: 15/36 MP: 2/7
  2949 | D:4      | Found a shattered altar of Ashenzari.
  3226 | D:5      | Entered Level 5 of the Dungeon
  3226 | D:5      | Noticed Pikel
  3288 | D:5      | Found a hazy altar of Hepliaklqana.
  3333 | D:5      | Reached skill level 6 in Axes
  3419 | D:5      | Found a glowing silver altar of Zin.
  3526 | D:5      | Killed Pikel
  3526 | D:5      | Reached XP level 8. HP: 41/41 MP: 6/8
  3610 | D:5      | Got a dazzling falchion
  3611 | D:5      | Identified the +8 falchion "Ruloit" {slice, *Corrode +Rage rElec MP+9} (You found it on level 5 of the Dungeon)
  3731 | D:6      | Found a staircase to the Ecumenical Temple.
  3740 | Temple   | Entered the Ecumenical Temple
  4031 | D:6      | Found a glowing drain.
  4040 | Sewer    | Entered a sewer
  4168 | Sewer    | Reached skill level 7 in Axes
  4577 | D:6      | Reached XP level 9. HP: 45/45 MP: 9/9
  5297 | D:7      | Noticed Joseph
  5309 | D:7      | Killed Joseph
  5309 | D:7      | Reached skill level 10 in Armour
  5502 | D:7      | Noticed Duvessa
  5502 | D:7      | Noticed Dowan
  5507 | D:7      | Killed Duvessa
  5513 | D:7      | Killed Dowan
  5793 | D:7      | Reached skill level 8 in Axes
  6222 | D:8      | Found a radiant altar of Vehumet.
  6246 | D:8      | Reached XP level 10. HP: 47/50 MP: 10/10
  6264 | D:8      | Noticed Grum
  6278 | D:8      | Killed Grum
  6933 | D:8      | Reached skill level 1 in Evocations
  7074 | D:8      | Found a stormy altar of Qazlal.
  7305 | D:9      | Found a staircase to the Lair.
  7768 | D:9      | Found a snail-covered altar of Cheibriados.
  7768 | D:9      | Found a burning altar of Makhleb.
  7775 | D:9      | Found an iron altar of Okawaru.
  7777 | D:9      | Found a sacrificial altar of Ru.
  7778 | D:9      | Found a glowing silver altar of Zin.
  7839 | D:9      | Became a worshipper of Warmaster Okawaru
  7839 | D:9      | Reached * piety under Okawaru
  7839 | D:9      | Reached ** piety under Okawaru
  7870 | D:10     | Entered Level 10 of the Dungeon
  7957 | D:10     | Reached skill level 1 in Invocations
  8363 | D:10     | Noticed Erolcha
  8363 | D:10     | Paralysed by Erolcha for 4 turns
  8375 | D:10     | Paralysed by Erolcha for 3 turns
  8378 | D:10     | Killed Erolcha
  8378 | D:10     | Reached skill level 5 in Fighting
  8390 | D:10     | Reached *** piety under Okawaru
  8500 | D:11     | Noticed an obsidian statue
  8511 | D:11     | Noticed a rust devil
  8545 | D:11     | Killed an obsidian statue
  8545 | D:11     | Reached skill level 9 in Axes
  8630 | D:11     | Noticed a six-headed hydra
  8643 | D:11     | Killed a seven-headed hydra
  8643 | D:11     | Reached XP level 11. HP: 43/57 MP: 10/13
  9003 | D:11     | Noticed a hill giant
  9009 | D:11     | Killed a hill giant
  9009 | D:11     | Reached **** piety under Okawaru
  9034 | D:11     | Reached skill level 1 in Shields
  9049 | D:11     | Noticed a five-headed hydra
  9065 | D:11     | Killed a five-headed hydra
  9507 | D:12     | Received a gift from Okawaru
  9810 | D:11     | Got a crystal dagger {antimagic}
  9823 | D:12     | Reached ***** piety under Okawaru
  9944 | D:12     | Found a staircase to the Orcish Mines.
 10070 | D:12     | Noticed a hill giant
 10082 | D:12     | Noticed a brown ugly thing
 10085 | D:12     | Killed a hill giant
 10085 | D:12     | Reached skill level 5 in Invocations
 10095 | D:12     | Killed a brown ugly thing
 10097 | D:12     | Found Soocruqe's Food Shoppe.
 10135 | D:12     | Noticed a cyclops
 10149 | D:12     | Killed a cyclops
 10193 | D:12     | Learned a level 3 spell: Mephitic Cloud
 10193 | D:12     | Upgraded the game from 0.19-a0-1919-g10983cd to 0.19-a0-1922-g1e9a4c1
 10445 | Lair:1   | Entered Level 1 of the Lair of Beasts
 10533 | Lair:1   | Reached XP level 12. HP: 56/64 MP: 16/16
 10566 | Lair:1   | Received a gift from Okawaru
 10810 | Lair:1   | Noticed Gastronok
 10818 | Lair:1   | Reached skill level 5 in Shields
 10845 | Lair:1   | Reached skill level 10 in Axes
 10850 | Lair:1   | Killed Gastronok
 11837 | Lair:2   | Received a gift from Okawaru
 12142 | Lair:3   | Noticed a six-headed hydra
 12157 | Lair:3   | Killed an eight-headed hydra
 12157 | Lair:3   | Reached ****** piety under Okawaru
 12281 | Lair:3   | Noticed a four-headed hydra
 12288 | Lair:3   | Killed a four-headed hydra
 12319 | Lair:3   | Reached XP level 13. HP: 72/72 MP: 18/18
 12426 | Lair:3   | Found a staircase to the Snake Pit.
 12488 | Lair:3   | Received a gift from Okawaru
 12899 | Lair:4   | Found a frozen archway.
 12905 | IceCv    | Entered an ice cave
 13058 | IceCv    | Reached skill level 5 in Evocations
 13332 | Lair:4   | Found a staircase to the Swamp.
 14006 | Lair:5   | Reached skill level 5 in Dodging
 14218 | Lair:5   | Received a gift from Okawaru
 14251 | Lair:5   | Got an encrusted dagger
 14297 | Lair:5   | Reached skill level 11 in Axes
 15074 | Lair:2   | Lost mutation: You are frail. (-10% HP) [potion of cure mutation]
 15074 | Lair:2   | Lost mutation: Your large and strong wings let you fly indefinitely. [potion of cure mutation]
 15074 | Lair:2   | Lost mutation: Your natural rate of healing is unusually fast. [potion of cure mutation]
 15075 | Lair:2   | Gained mutation: You are partially covered in iridescent scales. (AC +2) [potion of beneficial mutation]
 15308 | Lair:6   | Entered Level 6 of the Lair of Beasts
 15440 | Lair:6   | Noticed a fire dragon
 15450 | Lair:6   | Killed a fire dragon
 15450 | Lair:6   | Gained mutation: Your large and strong wings let you fly indefinitely. [Gargoyle growth]
 15450 | Lair:6   | Reached XP level 14. HP: 49/87 MP: 17/20
 15451 | Lair:6   | Received a gift from Okawaru
 15451 | Lair:6   | Reached skill level 10 in Fighting
 15511 | Lair:6   | Got a heavily runed plate armour {god gift}
 15522 | Lair:6   | Identified the +9 plate armour "Nuennol" {*Slow rElec Str+7 Stlth+} (Okawaru gifted it to you on level 6 of the Lair of Beasts)
 15931 | Lair:6   | Found a viscous altar of Jiyva.
 15931 | Lair:6   | Found a staircase to the Slime Pits.
 16991 | Orc:1    | Entered Level 1 of the Orcish Mines
 17009 | Orc:1    | Found a flagged portal.
 17033 | Bailey   | Entered a bailey
 17271 | Bailey   | Noticed an orc warlord
 17285 | Bailey   | Killed an orc warlord
 17315 | Bailey   | Identified Vehumet's Incunabulum of Scorching Attacks
 17483 | Orc:1    | Received a gift from Okawaru
 17486 | Orc:1    | Noticed Harold
 17498 | Orc:1    | Killed Harold
 17501 | Orc:1    | Found Dimnifeeny's Food Boutique.
 17505 | Orc:1    | Found a roughly hewn altar of Beogh.
 17573 | Orc:1    | Reached skill level 10 in Invocations
 17588 | Orc:1    | Found Usyb's Armour Emporium.
 17692 | Orc:1    | Noticed Nergalle
 17696 | Orc:1    | Killed Nergalle
 17707 | Orc:1    | Found Gaan's Armour Emporium.
 17766 | Orc:2    | Entered Level 2 of the Orcish Mines
 17782 | Orc:2    | Found a staircase to the Elven Halls.
 18123 | Orc:2    | Reached skill level 1 in Spellcasting
 18310 | Orc:2    | Found Esoawuf's Armour Shop.
 18310 | Orc:2    | Found Xyenkos's Book Emporium.
 18312 | Orc:2    | Found Fussatops's Book Shop.
 18312 | Orc:2    | Found Dukeesy's Magic Scroll Emporium.
 18464 | Orc:1    | Found Takiatso's Gadget Boutique.
 18474 | Orc:1    | Bought a phantom mirror for 480 gold pieces
 18474 | Orc:1    | Bought a sack of spiders for 320 gold pieces
 18481 | Orc:1    | Identified 2 scrolls of acquirement
 18552 | Orc:1    | Reached XP level 15. HP: 94/94 MP: 22/22
 19096 | Swamp:1  | Entered Level 1 of the Swamp
 19120 | Swamp:1  | Reached skill level 12 in Axes
 19495 | Swamp:1  | Noticed JamPaladin's ghost (journeyman DDFi)
 19522 | Swamp:1  | Killed JamPaladin's ghost
 19922 | Swamp:2  | Got a shimmering gossamer ring
 19924 | Swamp:2  | Identified the ring of Meik {*Tele Str+3} (You found it on level 2 of the Swamp)
 19960 | Swamp:2  | Received a gift from Okawaru
 20276 | Swamp:2  | Noticed a thorn hunter
 20282 | Swamp:2  | Killed a thorn hunter
 20314 | Swamp:2  | Noticed Louise
 20325 | Swamp:2  | Killed Louise
 20552 | Swamp:3  | Reached skill level 15 in Armour
 20588 | Swamp:3  | Noticed a thorn hunter
 20598 | Swamp:3  | Killed a thorn hunter
 20921 | Swamp:3  | Noticed Jorgrun
 20945 | Swamp:3  | Killed Jorgrun
 21056 | Swamp:3  | Noticed a thorn hunter
 21063 | Swamp:3  | Killed a thorn hunter
 21063 | Swamp:3  | Received a gift from Okawaru
 21365 | Swamp:3  | Got an amethyst-encrusted scale mail
 21376 | Swamp:3  | Identified the +1 scale mail of the Lion {rF- rN+++ Regen+ Dex-5} (You found it on level 3 of the Swamp)
 21523 | Swamp:4  | Entered Level 4 of the Swamp
 21534 | Swamp:4  | Noticed Donald
 21549 | Swamp:4  | Killed Donald
 21549 | Swamp:4  | Reached XP level 16. HP: 52/101 MP: 15/24
 22358 | Swamp:4  | Received a gift from Okawaru
 22801 | Swamp:4  | Reached skill level 13 in Axes
 22845 | Swamp:4  | Got a decaying rune of Zot
 23245 | Swamp:4  | Noticed the 27-headed Lernaean hydra
 23256 | Swamp:4  | Killed the 27-headed Lernaean hydra
 23840 | Snake:1  | Entered Level 1 of the Snake Pit
 24014 | Snake:2  | Received a gift from Okawaru
 24017 | Snake:2  | Noticed a nagaraja
 24029 | Snake:2  | Killed a nagaraja
 24029 | Snake:2  | Reached XP level 17. HP: 59/108 MP: 21/26
 25171 | Snake:1  | Noticed tijit's ghost (adept CeHu)
 25186 | Snake:1  | Killed tijit's ghost
 25615 | Snake:2  | Found a bloodstained altar of Trog.
 26077 | Snake:3  | Noticed Saint Roka
 26102 | Snake:2  | Killed Saint Roka
 26496 | Snake:3  | Noticed TheGoonsmith's ghost (adept GrCK)
 26529 | Snake:3  | Killed TheGoonsmith's ghost
 26529 | Snake:3  | Received a gift from Okawaru
 26529 | Snake:3  | Reached skill level 14 in Axes
 26721 | Snake:3  | Found a radiant altar of Vehumet.
 27618 | Snake:4  | Entered Level 4 of the Snake Pit
 27865 | Snake:4  | Received a gift from Okawaru
 27890 | Snake:4  | Reached XP level 18. HP: 68/115 MP: 19/27
 27906 | Snake:4  | Noticed Vashnia
 28210 | Snake:3  | Killed Vashnia
 28563 | Snake:4  | Received a gift from Okawaru
 28647 | Snake:3  | Identified a +0 pair of boots of running (Okawaru gifted it to you on level 4 of the Snake Pit)
 28877 | Snake:4  | Reached skill level 10 in Evocations
 29537 | Snake:4  | Got a serpentine rune of Zot
 30065 | D:11     | Reached skill level 15 in Axes
 30521 | D:13     | Gained mutation: Your muscles are strong. (Str +2) [potion of beneficial mutation]
 30522 | D:13     | Gained mutation: You have a pair of small antennae on your head. [potion of beneficial mutation]
 30899 | D:13     | Found a gate to the Vaults.
 31037 | Orc:2    | Bought a scroll of enchant armour for 97 gold pieces
 31037 | Orc:2    | Bought a scroll of recharging for 123 gold pieces
 31642 | D:15     | Entered Level 15 of the Dungeon
 31718 | D:15     | Noticed Josephine
 31728 | D:15     | Killed Josephine
 31915 | D:15     | Found a staircase to the Depths.
 32013 | D:15     | Reached XP level 19. HP: 122/122 MP: 29/29
 32227 | D:15     | Received a gift from Okawaru
 32291 | D:15     | Gained mutation: You are dopey. (Int -2) [mutagenic meat]
 32292 | D:15     | Lost mutation: Your muscles are strong. (Str +2) [mutagenic meat]
 32293 | D:15     | Gained mutation: You are surrounded by a mild repulsion field. (EV +2) [mutagenic meat]
 32295 | D:15     | Gained mutation: You are frail. (-10% HP) [mutagenic meat]
 32296 | D:15     | Gained mutation: Your spells are a little harder to cast, but a little more powerful. [mutagenic meat]
 32426 | D:15     | Found Liveof's Antique Armour Boutique.
 32440 | D:15     | Bought a runed cloak for 273 gold pieces
 32679 | Vaults:1 | Entered Level 1 of the Vaults
 32889 | Vaults:1 | You fall through a shaft!
 33715 | Vaults:1 | Noticed Aizul
 33722 | Vaults:1 | Killed Aizul
 34121 | Vaults:1 | Found Kyrr's Distillery.
 34124 | Vaults:1 | Bought a potion of haste for 150 gold pieces
 35071 | Vaults:2 | Received a gift from Okawaru
 35075 | Vaults:2 | Reached skill level 16 in Axes
 35357 | Vaults:2 | Gained mutation: You are agile. (Dex +2) [mutagenic meat]
 35438 | Vaults:2 | Found a staircase to the Crypt.
 35489 | Vaults:2 | Reached skill level 15 in Fighting
 35517 | Vaults:2 | Gained mutation: You have an increased reservoir of magic. (+10% MP) [mutagenic meat]
 35522 | Vaults:2 | Gained mutation: Your muscles are strong. (Str +2) [mutagenic meat]
 35523 | Vaults:2 | Lost mutation: You are dopey. (Int -2) [mutagenic meat]
 35524 | Vaults:2 | Gained mutation: You are very agile. (Dex +4) [mutagenic meat]
 35620 | Vaults:2 | Received a gift from Okawaru
 35957 | Vaults:3 | Reached XP level 20. HP: 116/116 MP: 34/34
 35967 | Vaults:3 | Lost mutation: You are frail. (-10% HP) [mutagenic meat]
 36070 | Vaults:3 | Gained mutation: You are resistant to hostile enchantments. (MR+) [mutagenic meat]
 36072 | Vaults:3 | Lost mutation: You are very agile. (Dex +4) [mutagenic meat]
 36076 | Vaults:3 | Lost mutation: You are surrounded by a mild repulsion field. (EV +2) [mutagenic meat]
 36077 | Vaults:3 | Gained mutation: You are highly resistant to hostile enchantments. (MR++) [mutagenic meat]
 36078 | Vaults:3 | Gained mutation: You are robust. (+10% HP) [mutagenic meat]
 36080 | Vaults:3 | Lost mutation: You are agile. (Dex +2) [mutagenic meat]
 36208 | Vaults:3 | Gained mutation: Your spells are harder to cast, but more powerful. [potion of beneficial mutation]
 36231 | Vaults:3 | Received a gift from Okawaru
 36237 | Vaults:3 | Got a scorched scale mail {god gift}
 36249 | Vaults:3 | Identified the +0 scale mail of the Duke {MR+++ Str-5 Dex+8 Stlth-} (Okawaru gifted it to you on level 3 of the Vaults)
 36473 | Vaults:3 | Lost mutation: Your muscles are strong. (Str +2) [mutagenic meat]
 36474 | Vaults:3 | Lost mutation: Your spells are harder to cast, but more powerful. [mutagenic meat]
 36475 | Vaults:3 | Gained mutation: You have sharp toenails. [mutagenic meat]
 36476 | Vaults:3 | Gained mutation: You are partially covered in molten scales. (AC +2) [mutagenic meat]
 36572 | Vaults:3 | Found a portal to a secret trove of treasure.
 36610 | Vaults:3 | Reached skill level 15 in Invocations
 36741 | Vaults:3 | Noticed Bai Suzhen
 36760 | Vaults:3 | Killed Bai Suzhen
 36784 | Vaults:3 | Reached skill level 17 in Axes
 37325 | Vaults:3 | Gained mutation: Your flesh is cold resistant. (rC+) [mutagenic meat]
 37326 | Vaults:3 | Gained mutation: You are mostly covered in molten scales. (AC +3) [mutagenic meat]
 37439 | Vaults:3 | Noticed Nikola
 37457 | Vaults:3 | Killed Nikola
 38133 | Elf:1    | Entered Level 1 of the Elven Halls
 38333 | Elf:1    | Received a gift from Okawaru
 38436 | Elf:1    | Reached XP level 21. HP: 133/149 MP: 35/35
 38582 | Elf:1    | Found Mifevie's Weapon Shop.
 38874 | Elf:1    | Noticed Kirke
 38884 | Elf:1    | Killed Kirke
 39106 | Elf:2    | Got a polished chain mail
 39159 | Elf:2    | Received a gift from Okawaru
 39227 | Elf:2    | Noticed Agnes
 39238 | Elf:2    | Killed Agnes
 39848 | Elf:2    | Found a huge runed gate.
 39848 | Elf:2    | Found a huge runed gate.
 39848 | Elf:2    | Found a huge runed gate.
 39857 | Elf:2    | Found a huge runed gate.
 39858 | Elf:2    | Found a huge runed gate.
 40413 | Elf:3    | Entered Level 3 of the Elven Halls
 40413 | Elf:3    | Noticed Roxanne
 40442 | Elf:3    | Killed Roxanne
 40553 | Elf:3    | Reached skill level 18 in Axes
 40783 | Elf:3    | Got a dazzling long sword {antimagic}
 41074 | Elf:3    | Received a gift from Okawaru
 41101 | Elf:3    | Got a dazzling mace {god gift}
 41112 | Elf:3    | Identified the +4 chain mail of Focus {rN+ Str+2 Int+3} (You found it on level 2 of the Elven Halls)
 41122 | Elf:3    | Identified the +8 long sword "Quedapup" {antimagic, rF+ Int+4} (You took it off a deep elf death mage on level 3 of the Elven Halls)
 41123 | Elf:3    | Identified the +1 mace of Nuroc {flame, MP+9 Stlth+} (Okawaru gifted it to you on level 3 of the Elven Halls)
 41220 | Elf:3    | Found Wausk's Assorted Antiques.
 41368 | Elf:3    | Found a radiant altar of Vehumet.
 41707 | Elf:3    | Reached XP level 22. HP: 111/158 MP: 37/37
 42488 | Vaults:4 | Noticed Sojobo
 42517 | Vaults:4 | Received a gift from Okawaru
 42521 | Vaults:4 | Killed Sojobo
 42819 | Vaults:4 | Got a shadowed robe {god gift}
 43202 | Vaults:4 | Noticed Frederick
 43214 | Vaults:4 | Killed Frederick
 44052 | Vaults:5 | Entered Level 5 of the Vaults
 44072 | Vaults:5 | Reached skill level 19 in Axes
 44073 | Vaults:5 | Received a gift from Okawaru
 44877 | Vaults:5 | Reached XP level 23. HP: 145/165 MP: 38/38
 44885 | Vaults:4 | Received a gift from Okawaru
 45213 | Vaults:5 | Noticed Margery
 45247 | Vaults:5 | Noticed a golden dragon
 45262 | Vaults:5 | Killed a golden dragon
 45270 | Vaults:5 | Received a gift from Okawaru
 45275 | Vaults:5 | Killed Margery
 45673 | Vaults:5 | Found Xuzo's Food Shop.
 45780 | Vaults:5 | Noticed a golden dragon
 45793 | Vaults:5 | Killed a golden dragon
 46131 | Vaults:5 | Received a gift from Okawaru
 46135 | Vaults:5 | Noticed a golden dragon
 46140 | Vaults:5 | Killed a golden dragon
 46140 | Vaults:5 | Reached skill level 20 in Axes
 46231 | Vaults:5 | Reached XP level 24. HP: 126/172 MP: 38/39
 46858 | Vaults:5 | Got a silver rune of Zot
 47839 | Elf:3    | Got a crude lead ring
 47865 | Elf:3    | Identified the Guide on Cankerous Clay
 47971 | Elf:3    | Got an ichor-stained ring mail
 47993 | Elf:3    | Identified the +1 ring mail of Qozonleng {+Fly rElec rC- Dex+3} (You found it on level 3 of the Elven Halls)
 48001 | Elf:3    | Got a smoking ring mail
 48007 | Elf:3    | Identified the cursed +0 ring mail "Zototeex" {rC+ rCorr Dex+3} (You found it on level 3 of the Elven Halls)
 48037 | Elf:3    | Identified the ring of Kindness {Wiz +Inv rC- Dex+4} (You took it off a deep elf high priest on level 3 of the Elven Halls)
 48070 | Elf:3    | Got a jade-encrusted scale mail
 48081 | Elf:3    | Identified the cursed +1 scale mail of Somewhere Else {rF++ rN+ MP-9 Slay-6} (You took it off a deep elf high priest on level 3 of the Elven Halls)
 48479 | Vaults:5 | Got a pitted plate armour {god gift}
 48490 | Vaults:5 | Identified the +4 plate armour of Music {+Blink +Fly rC- Regen+} (Okawaru gifted it to you on level 5 of the Vaults)
 48561 | Vaults:5 | Got a steaming ring mail
 48572 | Vaults:5 | Identified the +3 ring mail of Faism {Str-2 Int+6} (You found it on level 5 of the Vaults)
 48784 | Vaults:5 | Learned a level 3 spell: Regeneration
 48956 | Vaults:5 | Learned a level 2 spell: Repel Missiles
 49857 | Vaults:5 | Got a faintly glowing plate armour
 49936 | Vaults:5 | Identified the +10 plate armour "Offalah" {rElec MR+++ Str-2 Int-3} (You took it off an orc knight on level 5 of the Vaults)
 50410 | Depths:1 | Entered Level 1 of the Depths
 50425 | Depths:1 | Received a gift from Okawaru
 50869 | Depths:1 | Found a one-way gate to the infinite horrors of the Abyss.
 51175 | Depths:1 | Reached skill level 5 in Spellcasting
 51340 | Depths:1 | Found a gateway to Hell.
 51599 | Hell     | Entered the Vestibule of Hell
 51599 | Hell     | Noticed Geryon
 51599 | Hell     | Noticed Murray
 51894 | Depths:1 | Received a gift from Okawaru
 51899 | Depths:1 | Got a warped buckler {god gift}
 51907 | Depths:1 | Identified the +1 buckler "Entut" {rF- rC++ Int+7} (Okawaru gifted it to you on level 1 of the Depths)
 52561 | Hell     | Killed Geryon
 52587 | Depths:1 | Killed Murray
 53021 | Hell     | Found a gateway to the ashen valley of Gehenna.
 53097 | Hell     | Found a gateway to the decaying netherworld of Tartarus.
 53140 | Hell     | Reached XP level 25. HP: 180/180 MP: 39/39
 53198 | Hell     | Found a gateway to the freezing wastes of Cocytus.
 53329 | Hell     | Found a gateway to the Iron City of Dis.
 53456 | Depths:1 | Lost mutation: You are highly resistant to hostile enchantments. (MR++) [potion of cure mutation]
 53456 | Depths:1 | Lost mutation: Your spells are a little harder to cast, but a little more powerful. [potion of cure mutation]
 53456 | Depths:1 | Lost mutation: You are mostly covered in molten scales. (AC +3) [potion of cure mutation]
 53456 | Depths:1 | Lost mutation: You have an increased reservoir of magic. (+10% MP) [potion of cure mutation]
 53456 | Depths:1 | Lost mutation: You have sharp toenails. [potion of cure mutation]
 53456 | Depths:1 | Lost mutation: You have a pair of small antennae on your head. [potion of cure mutation]
 54307 | Depths:1 | Reached skill level 21 in Axes
 54686 | Depths:2 | Identified the Papyrus of Enhancements
 55000 | Depths:2 | Received a gift from Okawaru
 55041 | Depths:2 | Identified the Catalogue of Venomous Damage Dealing
 55044 | Depths:2 | Got a translucent granite ring
 55046 | Depths:2 | Identified the ring of Baru {Int+5 Dex+4 Stlth+} (You found it on level 2 of the Depths)
 55389 | Depths:3 | Found a gateway to a ziggurat.
 55399 | Depths:3 | Found a one-way gate leading to the halls of Pandemonium.
 55478 | Depths:3 | Received a gift from Okawaru
 55495 | Depths:3 | Noticed Boris
 55517 | Depths:3 | Killed Boris
 55863 | Depths:3 | Noticed Mennas
 55902 | Depths:3 | Killed Mennas
 55953 | Depths:3 | Reached XP level 26. HP: 164/189 MP: 36/36
 55972 | Depths:3 | Identified the Incunabulum of Shifting Conjuration
 56233 | Depths:3 | Noticed Mara
 56234 | Depths:3 | Noticed Dipster's illusion
 56246 | Depths:3 | Killed Mara
 56249 | Depths:3 | Cast into level 2 of the Abyss (hell knight)
 56352 | Abyss:2  | Received a gift from Okawaru
 56929 | Abyss:3  | Reached skill level 22 in Axes
 57091 | Abyss:3  | Got an abyssal rune of Zot
 57398 | Abyss:3  | Received a gift from Okawaru
 57657 | Depths:3 | Escaped the Abyss
 58258 | Depths:4 | Noticed a juggernaut
 58279 | Depths:4 | Killed a juggernaut
 58620 | Depths:4 | Reached XP level 27. HP: 139/196 MP: 36/36
 58643 | Depths:4 | Received a gift from Okawaru
 58667 | Depths:4 | Got a brightly glowing cloak {god gift}
 58673 | Depths:4 | Identified the +0 cloak of Disappointment {rPois rC+ rN+} (Okawaru gifted it to you on level 4 of the Depths)
 58908 | Depths:4 | Paralysed by a floating eye for 2 turns
 59342 | Depths:5 | Entered Level 5 of the Depths
 59369 | Depths:5 | Noticed a juggernaut
 59380 | Depths:5 | Killed a juggernaut
 59380 | Depths:5 | Reached skill level 10 in Spellcasting
 59456 | Depths:5 | Got a pair of faintly glowing gloves
 59467 | Depths:5 | Identified the +2 pair of gloves of Indomitability {rPois rF- Int+3} (You found it on level 5 of the Depths)
 59698 | Depths:5 | Learned a level 5 spell: Iskenderun's Battlesphere
 59938 | Depths:5 | Received a gift from Okawaru
 59972 | Depths:5 | Got a crystal battleaxe {god gift}
 59973 | Depths:5 | Identified the +3 battleaxe "Cuzoeb" {protect, *Slow Str+9} (Okawaru gifted it to you on level 5 of the Depths)
 60681 | Depths:5 | Reached skill level 23 in Axes
 60828 | Depths:5 | Noticed Boris
 60838 | Depths:5 | Killed Boris
 61025 | Depths:5 | Found a gate to the Realm of Zot.
 61034 | Zot:1    | Entered Level 1 of the Realm of Zot
 61046 | Zot:1    | Received a gift from Okawaru
 61259 | Zot:1    | Killed from afar by a titan

Vault maps used:
D:1:      minmay_arrival_widening_spiral_wide
D:2:      wad_crossroads, uniq_iyjb
D:3:      kennysheep_ying_yang, ecumenical_altar_2, first_bread, uniq_robin,
          uniq_grinder, uniq_natasha
D:4:      nicolae_overflow_hidden_temple, minmay_three_crescents
D:5:      kennysheep_mini, basic_altar, uniq_pikel
D:6:      portal_sewer_entry_d, hangedman_abyss_or_decor_lesser_grid
D:7:      uniq_joseph, uniq_duvessa
D:8:      vehumet_altar_wand_db, kennysheep_little_box, uniq_grum
D:9:      chequers_temple_overflow_minitemple, lair_0_dummy
D:10:     uniq_erolcha
D:11:     minmay_statue_hallways
D:12:     erik_orc_4, serial_shops, shop, grunt_pizzeria
D:13:     david_vaults_1, minmay_curled_crystal, hangedman_decor_opposing
D:15:     grunt_enter_depths_magical_seal, serial_shops, shop, uniq_josephine
Temple:   chequers_temple_sunken
Lair:1:   cheibrodos_lair_reptile_den, grunt_megastairs_1, serial_bayou_shore_b,
          infiniplex_staircase_pool_2, serial_bayou_shore_b, uniq_gastronok
Lair:2:   st_stairs_3, minmay_holes, infiniplex_staircase_pool,
          serial_bayou_shore_b
Lair:3:   minmay_snake_entry_spellcaster, roderic_carrion_pond
Lair:4:   minmay_swamp_entry_eels, portal_ice_cave_entry_pillars_1,
          lemuel_fruit_fields, serial_bayou_shore_b
Lair:5:   lemuel_fruit_tree
Lair:6:   hangedman_lair_tendril_chambers, guppyfry_lair_end_dragon,
          dpeg_slime_entry_enclosed_altar
Swamp:1:  evilmike_swamp_ruin_house_4, swamp_pool1, nicolae_swamp_fairy_circle
Swamp:2:  evilmike_swamp_ruin_wall, uniq_louise
Swamp:3:  evilmike_swamp_ruin_rubble_2, swamp_pool1, uniq_jorgrun
Swamp:4:  swamp_vile, uniq_donald
Snake:1:  serial_bayou_pond_c
Snake:2:  basic_altar, hangedman_snake_thin_pillar_pass
Snake:3:  basic_altar, uniq_saint_roka
Snake:4:  johnstein_snake_rune_scales
Orc:1:    basic_altar, serial_shops, nicolae_shop_trees, shop,
          nicolae_shop_trees, shop, enter_bailey_3, statue_in_the_mist_lemuel,
          uniq_nergalle, uniq_harold
Orc:2:    grunt_orc_tribal_feast
Elf:1:    elf_arrival_002, serial_shops, shop, minmay_elf_crystal_hexagon,
          uniq_kirke
Elf:2:    uniq_agnes
Elf:3:    grunt_elf_hall_asides, basic_altar, serial_shops,
          nicolae_shop_overgrown_old_shop, uniq_roxanne
Vaults:1: v_misc_3, nicolae_vaults_mini_display_case, vaults_room_grid,
          v_misc_24, nicolae_vaults_yaktaur_gun_rack,
          nicolae_vaults_specimen_jars, vaults_mumra_hex, serial_shops,
          nicolae_shop_behind_doors, uniq_aizul
Vaults:2: v_misc_8, v_misc_8, v_misc_23, v_misc_18, v_misc_25,
          minmay_crypt_entry_simple_walls, nicolae_vaults_inception_scallops,
          nicolae_vaults_good_morning_starshine, hangedman_vaults_hat,
          v_misc_26, vaults_mumra_chevron_long, grunt_vaults_diagonal,
          nicolae_vaults_little_squares_6, nicolae_vaults_little_squares_5
Vaults:3: hangedman_vaults_capsules, v_misc_27, hangedman_vaults_pinch,
          nicolae_vaults_twisting_passages, vaults_dpeg_encased_lava, v_rooms_5,
          dpeg_vaults_waves, v_misc_22, v_misc_32, vaults_dpeg_spiral,
          vaults_mumra_chevron, hangedman_vaults_stretched_pinwheel,
          nicolae_vaults_little_squares_2, vaults_room_grid, enter_trove_3,
          uniq_bai_suzhen, uniq_nikola
Vaults:4: st_squares, nicolae_vaults_shelves_hall, v_pattern_5,
          vaults_standard_mumra_lines, vaults_room_fancy_cross,
          nicolae_vaults_little_squares_6, v_misc_9, v_misc_8,
          nicolae_vaults_circle_grid_a, uniq_frederick, uniq_sojobo
Vaults:5: uniq_margery
Depths:1: minmay_strange_pillars, abyss_entry, hellmouth_1,
          corexii_leaking_fountain, lemuel_freeze_loot_1, serial_bayou_shore_b
Depths:2: radiant_caverns_a_rkd, hell_entry
Depths:3: kennysheep_windowed_halls, enter_ziggurat_f, serial_column_ruins,
          column_ruins_portal_hut, column_ruins_hut, column_ruins_open_tiny,
          column_ruins_grid_1, column_ruins_open_small, pan_entry,
          minmay_door_square, hell_entry, minmay_staircase_statues, uniq_boris,
          uniq_mara, uniq_mennas
Depths:4: grunt_crosshair, minmay_misc_feat_plants, hell_entry, abyss_entry,
          infiniplex_staircase_spiral_double, serial_bayou_shore_b
Depths:5: grunt_zot_entry_gee_three, grunt_pan_entry_in_and_out, hell_entry,
          minmay_misc_feat_rugged, minmay_misc_feat_tiny, grunt_decor_arrowhead,
          minmay_hollow_rounded_squares, uniq_boris
Zot:1:    lemuel_halls_of_wrath, st_single_dragon_hoard_1, zot_minivault_1
Abyss:3:  hangedman_abyss_theft
Sewer:    sewer_co_cracked_pipes
Bailey:   bailey_axe_minmay_hex_keep, bailey
IceCv:    ice_cave_statue_garden_chambered

Skill      XL: |  1  2  3  4  5  6  7  8  9 10 11 12 13 14 15 16 17 18 19 20 21 22 23 24 25 26 27 |
---------------+----------------------------------------------------------------------------------+-----
Axes           | 3 4 5 6 7 8 9 10 11 12 13 14 15 16 17 18 19 20 21 22 23 | 23.2
Armour         | 1 4 5 8 9 11 12 13 14 15 16 17 18 19 20 21 22 | 22.1
Fighting       | 5 7 8 9 11 12 13 14 15 16 17 18 19 20 | 20.6
Evocations     | 2 3 4 5 6 7 8 9 10 11 12 13 14 | 14.4
Invocations    | 3 5 7 8 10 11 12 13 14 15 16 17 18 19 20 | 20.2
Dodging        | 3 4 5 6 7 |  7.2
Shields        | 4 6 7 8 9 |  9.0
Spellcasting   | 1 3 4 5 7 9 10 | 10.8
Stealth        | |  2.1

Action                   |  1- 3 |  4- 6 |  7- 9 | 10-12 | 13-15 | 16-18 | 19-21 | 22-24 | 25-27 || total
-------------------------+-------+-------+-------+-------+-------+-------+-------+-------+-------++-------
Melee: Hand axe          |    26 |   179 |   130 |       |       |       |       |       |       ||   335
       Dagger            |   111 |     9 |       |       |       |       |       |       |       ||   120
       Falchion          |       |       |   179 |   172 |    19 |       |       |       |       ||   370
       Eveningstar       |       |       |       |   469 |   217 |     9 |       |       |       ||   695
       Executioner's axe |       |       |       |     4 |   699 |   911 |  1093 |  1065 |  1193 ||  4965
       Punch             |       |       |       |       |       |     2 |       |       |       ||     2
       Broad axe         |       |       |       |       |       |       |       |     9 |       ||     9
       Battleaxe         |       |       |       |       |       |       |       |       |   181 ||   181
 Fire: Hunting sling     |       |       |       |     2 |       |       |       |       |       ||     2
Invok: Heroism           |       |       |       |       |       |     1 |     3 |     3 |     1 ||     8
       Finesse           |       |       |       |       |       |       |       |     1 |     1 ||     2
 Abil: Evoke Berserk Rag |       |       |       |       |     1 |       |       |       |       ||     1
       Fly               |       |       |       |       |     1 |       |       |     1 |     1 ||     3
       Stop Flying       |       |       |       |       |       |     1 |       |     1 |       ||     2
       Evoke Blink       |       |       |       |       |       |       |       |     1 |       ||     1
Evoke: Wand              |       |     1 |       |     2 |     7 |    15 |     1 |    12 |       ||    38
  Use: Potion            |       |     1 |       |     2 |     6 |     9 |     3 |     1 |     5 ||    27
       Scroll            |       |       |    16 |    16 |    11 |    10 |    11 |    12 |     4 ||    80
 Stab: Sleeping          |     7 |       |       |     2 |       |       |       |       |       ||     9
       Invisible         |       |       |       |       |     2 |       |       |     5 |       ||     7
       Distracted        |       |       |       |       |       |       |     1 |     1 |     3 ||     5
  Eat: Bread ration      |     1 |       |       |     2 |     2 |     7 |     2 |     2 |     3 ||    19
       Chunk             |       |     5 |    10 |    13 |    17 |     4 |    40 |    10 |     4 ||   103
       Fruit             |       |     1 |       |       |       |     2 |       |       |       ||     3
       Beef jerky        |       |       |     1 |       |     4 |     2 |     2 |       |     1 ||    10
       Pizza             |       |       |       |     1 |     1 |       |       |     1 |     1 ||     4
       Meat ration       |       |       |       |       |       |       |     1 |     3 |     3 ||     7
       Royal jelly       |       |       |       |       |       |       |       |       |     1 ||     1
Armor: Robe              |    55 |    19 |       |       |       |       |       |       |       ||    74
       Chain mail        |       |   100 |   171 |       |       |       |       |       |       ||   271
       Scale mail        |       |       |    43 |   467 |   205 |       |       |       |       ||   715
       Plate armour      |       |       |       |       |   566 |  1115 |  1082 |  1252 |  1417 ||  5432
       Skin              |       |       |       |       |       |     1 |       |       |       ||     1
Dodge: Dodged            |    88 |    66 |   213 |   622 |   916 |  1134 |   878 |   996 |   946 ||  5859
Block: Buckler           |       |       |       |    81 |       |       |       |     2 |       ||    83
       Shield            |       |       |       |   132 |   191 |       |       |       |       ||   323
       Reflection        |       |       |       |     1 |     1 |       |       |       |       ||     2
       Rpst.: Falchion   |       |       |    56 |    53 |     4 |       |       |       |       ||   113
